 Dungeon Crawl Stone Soup version 0.18.1-8-gdd0e5ea (webtiles) character file.

359 Loading the Ruffian (level 6, -3/38 HPs)
             Began as a Gargoyle Monk on May 30, 2016.
             Killed by divine providence
             ... invoked by an orc priest
              (16 damage)
             ... on level 3 of the Dungeon.
             The game lasted 00:05:32 (2841 turns).

Loading the Ruffian (Gargoyle Monk)                 Turns: 2841, Time: 00:05:32

Health: -3/38      AC: 14    Str: 15    XL:     6   Next: 65%
Magic:  6/6        EV:  7    Int: 10    God:
Gold:   150        SH:  0    Dex: 14    Spells: 0 memorised, 5 levels left

rFire  . . .     SeeInvis .       - Unarmed
rCold  . . .     Gourm    .     a - +0 chain mail
rNeg   + . .     Faith    .     (no shield)
rPois  ∞         Spirit   .     p - +1 hat
rElec  +         Dismiss  .     (no cloak)
rCorr  +         Reflect  .     (no gloves)
SustAt .         Harm     .     (no boots)
MR     .....                    (no amulet)
Stlth  ..........               (no ring)
                                f - ring of resist corrosion

@: not resistant to hostile enchantments, extremely unstealthy
A: negative energy resistance 1, electricity resistance, unbreathing,
petrification resistance, rot immunity, AC +4
a: no special abilities


You were on level 3 of the Dungeon.
You were not hungry.

You visited 1 branch of the dungeon, and saw 3 of its levels.
You also visited: Sewer.

You collected 150 gold pieces.

Inventory:

Armour
 a - a +0 chain mail (worn)
 p - a +1 hat (worn)
Jewellery
 f - a ring of resist corrosion (left hand)
Scrolls
 c - a scroll of remove curse
 e - a scroll of fear
 g - a scroll of identify
 j - 2 scrolls of amnesia
 m - a scroll of magic mapping {unknown}
 n - 3 scrolls of teleportation
 o - a scroll of recharging
Potions
 k - 3 potions of brilliance
 l - 2 potions of heal wounds
Comestibles
 b - 2 bread rations
 d - a beef jerky
 h - 5 chunks of flesh
 i - a meat ration


   Skills:
 + Level 4.2 Fighting
 + Level 3.0 Armour
 - Level 2.4 Dodging
 + Level 4.1 Stealth
 * Level 5.9 Unarmed Combat


You had 5 spell levels left.
You didn't know any spells.

Dungeon Overview and Level Annotations

Branches:
Dungeon (3/15)

Altars:


Innate Abilities, Weirdness & Mutations

You are resistant to torment.
Your stone body is resilient (AC +4).
You are immune to poison.
You resist negative energy.
You are resistant to electric shocks.
You can survive without breathing.
You are immune to petrification.
You are immune to rotting.


Message History

h - 2 chunks of flesh (gained 1)
Things that are here:
a giant newt corpse; an adder corpse Butcher an adder corpse? [(y)es/(c)hoosy/(n)o/(a)ll/(e)dible/(q)uit/?]
You butcher the adder corpse.
You butcher the giant newt corpse.
h - 3 chunks of flesh (gained 1);
h - 5 chunks of flesh (gained 2) Unknown command.
A giant cockroach comes into view.
A giant cockroach comes into view.
An orc priest comes into view.
The orc priest shouts!
The giant cockroach bites you but does no damage.
The orc priest invokes the aid of Beogh against you.
Beogh smites you!
You hit the giant cockroach but do no damage.
The giant cockroach closely misses you.
The orc priest calls down the wrath of Beogh upon you.
Beogh smites you!
You die...

#.# #.# #.############ .
#............# ...
#............# o.o.#
#............#
......#............#####
......s@................
......s............#####
....................)...
.#######...........#####
############# # # # # #


You could see an orc priest, an orc (wandering) and 2 giant cockroaches.

Vanquished Creatures
  The ghost of Krapule the Changer, an amateur OpTm (Sewer)
  4 gnolls (D:2)
  14 adders
  2 oozes
  A worm (D:2)
  2 giant geckos (D:2)
  An orc (D:3)
  5 ball pythons (Sewer)
  5 giant cockroaches
  6 goblins
  2 hobgoblins
  10 jackals
  2 quokkas (D:3)
  2 bats
  6 giant newts
  10 kobolds
  4 rats
  A plant (Sewer)
78 creatures vanquished.

Vanquished Creatures (others)
  2 plants (Sewer)
2 creatures vanquished.

Grand Total: 80 creatures vanquished

Notes
Turn   | Place    | Note
--------------------------------------------------------------
     0 | D:1      | Loading the Gargoyle Monk began the quest for the Orb.
     0 | D:1      | Reached XP level 1. HP: 14/14 MP: 1/1
   362 | D:1      | Reached XP level 2. HP: 19/19 MP: 2/2
   793 | D:2      | Reached skill level 1 in Armour
   793 | D:2      | Reached XP level 3. HP: 15/23 MP: 3/3
   957 | D:2      | Reached XP level 4. HP: 14/28 MP: 4/4
  1501 | D:3      | Reached XP level 5. HP: 27/33 MP: 5/5
  1504 | D:3      | Reached skill level 5 in Unarmed Combat
  1712 | D:3      | Found a glowing drain.
  1756 | Sewer    | Entered a sewer
  2266 | Sewer    | Noticed Krapule's ghost (amateur OpTm)
  2291 | Sewer    | Killed Krapule's ghost
  2291 | Sewer    | Reached XP level 6. HP: 17/38 MP: 6/6
  2841 | D:3      | Killed from afar by an orc priest

Skill      XL: |  1  2  3  4  5  6 |
---------------+-------------------+-----
Armour         | 1 2 3 |  3.0
Stealth        | 3 4 |  4.1
Unarmed Combat | 5 |  5.9
Fighting       | 4 |  4.2
Dodging        | |  2.4

Action                   |  1- 3 |  4- 6 || total
-------------------------+-------+-------++-------
Melee: Unarmed           |   102 |   372 ||   474
       Punch             |     1 |     8 ||     9
  Use: Scroll            |       |    10 ||    10
 Stab: Sleeping          |     5 |       ||     5
       Distracted        |     1 |       ||     1
  Eat: Chunk             |       |     6 ||     6
       Beef jerky        |       |     1 ||     1
Armor: Robe              |    22 |    13 ||    35
       Chain mail        |       |   251 ||   251
       Ring mail         |       |     2 ||     2
Dodge: Dodged            |    61 |   161 ||   222
